 Dungeon Crawl Stone Soup version 0.18-a0-1764-gf4ddf0b (webtiles) character file.

1539 M4edhros the Fighter (level 8, -3/92 HPs)
             Began as an Ogre Wanderer on Apr 13, 2016.
             Was an Initiate of Gozag.
             Slain by an orc warrior
             ... wielding a +0 trident
              (16 damage)
             ... on level 7 of the Dungeon.
             The game lasted 00:17:52 (7810 turns).

M4edhros the Fighter (Ogre Wanderer)                Turns: 7810, Time: 00:17:52

Health: -3/92      AC:  6    Str: 16    XL:     8   Next: 86%
Magic:  9/9        EV: 10    Int: 16    God:    Gozag
Gold:   214        SH:  0    Dex:  8    Spells: 1 memorised, 5 levels left

rFire  . . .     SeeInvis +     u - +1 short sword (venom)
rCold  . . .     Gourm    .     n - +2 animal skin
rNeg   . . .     Faith    .     (no shield)
rPois  +         Spirit   .     (helmet restricted)
rElec  .         Dismiss  .     (no cloak)
rCorr  .         Reflect  .     (gloves unavailable)
SustAt .         Harm     .     (boots unavailable)
MR     .....                    (no amulet)
Stlth  +++.......               I - ring of Agel {AC+1 Str-4 Int+4 SInv Stlth+}
                                B - ring of poison resistance

@: gold aura, not resistant to hostile enchantments, fairly stealthy
A: unfitting armour, tough skin 1
a: Potion Petition, Call Merchant, Bribe Branch, Renounce Religion


You were on level 7 of the Dungeon.
You worshipped Gozag.
Gozag was noncommittal.
You were hungry.

You visited 1 branch of the dungeon, and saw 7 of its levels.

You collected 860 gold pieces.
You spent 204 gold pieces at shops.
You paid 442 gold pieces to Gozag.

Inventory:

Hand Weapons
 c - a +0 mace
 e - a +0 hunting sling
 l - a +4 short sword
 u - a +1 short sword of venom (weapon)
 w - a +0 giant club
 y - a +1 arbalest
 F - a +0 giant spiked club
Missiles
 f - 153 stones (quivered)
 m - 4 poisoned javelins
 t - 5 tomahawks
 z - 76 bolts
Armour
 a - a +2 robe
 n - a +2 animal skin (worn)
Jewellery
 B - a ring of poison resistance (left hand)
 E - an uncursed ring of ice
 I - the ring of Agel (right hand) {AC+1 Str-4 Int+4 SInv Stlth+}
   (You bought it in a shop on level 7 of the Dungeon)

   [ring of protection]

   It affects your AC (+1).
   It affects your strength (-4).
   It affects your intelligence (+4).
   It lets you see invisible.
   It makes you more stealthy.
Wands
 x - a wand of acid (0/15)
Scrolls
 h - 2 scrolls of fear
 i - 4 scrolls of remove curse
 k - a scroll of immolation
 o - a scroll of recharging
 p - a scroll of amnesia
 r - 2 scrolls of magic mapping
 s - 2 scrolls of noise
 C - 2 scrolls of identify
 H - a scroll of fog {unknown}
Potions
 j - 2 potions of flight
 q - a potion of cancellation
 v - 2 potions of might
 G - a potion of berserk rage {unknown}
Books
 b - a book of Spatial Translocations

   Spells                             Type                      Level
   a - Apportation                    Translocation                1
   b - Blink                          Translocation                2
   c - Shroud of Golubria             Charms/Translocation         2
   d - Portal Projectile              Translocation                3
   e - Teleport Other                 Translocation                3
   f - Passage of Golubria            Translocation                4
 A - a book of Unlife

   Spells                             Type                      Level
   a - Recall                         Summoning/Translocation      3
   b - Animate Dead                   Necromancy                   4
   c - Control Undead                 Necromancy                   4
   d - Cigotuvi's Embrace             Necromancy                   5
   e - Death Channel                  Necromancy                   6
   f - Simulacrum                     Ice/Necromancy               6
Comestibles
 d - a bread ration
 g - 3 fruits
 J - a royal jelly


   Skills:
 - Level 9.2 Fighting
 * Level 5.8 Maces & Flails
 + Level 3.6 Dodging
 - Level 6.5 Stealth
 - Level 1.5 Evocations


You had 5 spell levels left.
You knew the following spells:

 Your Spells              Type           Power        Failure   Level  Hunger
a - Blink                 Tloc           N/A          38%         2    ###....


Dungeon Overview and Level Annotations

Branches:
Dungeon (7/15)             Temple (0/1) D:7

Altars:
Ashenzari
Cheibriados
Elyvilon
Gozag
Okawaru
Trog
Xom
Zin

Shops:
D:7 =


Innate Abilities, Weirdness & Mutations

You are too large for most types of armour.
You have tough skin (AC +1).


Message History

The bolt of acid misses the orc warrior.
The bolt of acid hits the orc.
You kill the orc!
Evoking this partially-identified wand wasted a few charges.
The orc warrior looks more healthy.
Evoke which item? (* to show all) (? for menu, Esc to quit)
Zapping:
x - a wand of acid {zapped: 2} (will waste charges)
Press: ? - help, Shift-Dir - straight line, f/p - orc warrior
Aim: an orc warrior, wielding a trident and wearing a chain mail (almost dead)
The bolt of acid misses the orc warrior.
The bolt of acid hits the orc.
You kill the orc!
Evoking this partially-identified wand wasted a few charges.
The orc warrior hits you from afar with a trident!
* * * LOW HITPOINT WARNING * * *
Drink which item? (? for menu, Esc to quit)
You feel better.
The orc warrior hits you from afar with a trident!
You die...
Your body crumbles into a pile of gold.

.# ### ########## .# #..
.........##.########## ####.#
.........##.#...@.o..#######.....
...............####....$.........
.................................
................##..........###+#
...........##+#....#'#......+....
##........##.#..#.#.#......###.#
#.........##......#+#........#.#
+.........+.............[.......
##.........##...................#


You could see an orc warrior.

Vanquished Creatures
  Grinder (D:6)
  Duvessa (D:6)
  A sky beast (D:6)
  3 ogres
  2 giant frogs (D:7)
  Dowan (D:6)
  A water moccasin skeleton (D:6)
  A scorpion (D:6)
  2 crimson imps
  2 hounds
  2 orc wizards
  3 worker ants (D:4)
  An iguana (D:5)
  A mummy (D:4)
  Robin (D:2)
  7 gnolls
  8 adders
  2 shadow imps
  2 oozes (D:6)
  An adder zombie (D:4)
  An adder skeleton (D:7)
  7 worms
  2 dart slugs (D:1)
  5 giant geckos
  8 orcs
  9 bats
  4 giant cockroaches
  19 goblins
  8 hobgoblins
  8 quokkas
  2 ball pythons
  7 giant newts
  6 kobolds
  3 kobold zombies (D:4)
  An orc zombie (D:4)
  7 rats
140 creatures vanquished.

Vanquished Creatures (others)
  An adder (D:3)
  A hobgoblin (D:3)
2 creatures vanquished.

Grand Total: 142 creatures vanquished

Notes
Turn   | Place    | Note
--------------------------------------------------------------
     0 | D:1      | M4edhros the Ogre Wanderer began the quest for the Orb.
     0 | D:1      | M4edhros set off with: a +2 robe, a scroll of teleportation, a +0 mace, a bread ration
     0 | D:1      | Reached XP level 1. HP: 24/24 MP: 2/2
    77 | D:1      | Reached XP level 2. HP: 21/33 MP: 3/3
   702 | D:1      | Reached XP level 3. HP: 39/41 MP: 4/4
   740 | D:1      | Reached skill level 5 in Fighting
   888 | D:2      | Noticed Robin
   936 | D:2      | Killed Robin
   936 | D:2      | Reached XP level 4. HP: 23/52 MP: 5/5
  1227 | D:2      | Reached skill level 6 in Fighting
  1797 | D:2      | Found a shimmering altar of Xom.
  1980 | D:3      | Found an opulent altar of Gozag.
  2061 | D:3      | Became a worshipper of Gozag Ym Sagoz the Greedy
  2081 | D:3      | Reached XP level 5. HP: 40/61 MP: 6/6
  2082 | D:3      | Gained mutation: You are occasionally teleported next to monsters. [potion of mutation]
  2082 | D:3      | Gained mutation: You are resistant to electric shocks. [potion of mutation]
  2082 | D:3      | Gained mutation: You are weak. (Str -2) [potion of mutation]
  2099 | D:3      | Reached skill level 7 in Fighting
  2113 | D:3      | Found a bloodstained altar of Trog.
  2113 | D:3      | Noticed a moth of wrath
  2798 | D:3      | Found a glowing silver altar of Zin.
  2799 | D:3      | Noticed an angel
  2800 | D:3      | Found a shimmering altar of Xom.
  2828 | D:3      | HP: 2/63 [orc wizard/puff of flame (8)]
  3235 | D:3      | Reached skill level 8 in Fighting
  3281 | D:3      | Reached XP level 6. HP: 62/72 MP: 7/7
  3596 | D:4      | Found an iron altar of Okawaru.
  3734 | D:4      | Reached skill level 9 in Fighting
  4690 | D:5      | Entered Level 5 of the Dungeon
  4727 | D:5      | Reached skill level 1 in Stealth
  4743 | D:5      | Found a white marble altar of Elyvilon.
  5294 | D:4      | Reached XP level 7. HP: 56/83 MP: 8/8
  5542 | D:5      | Learned a level 2 spell: Blink
  5967 | D:6      | Noticed Duvessa
  6005 | D:6      | Noticed Dowan
  6009 | D:6      | Noticed Grinder
  6017 | D:6      | Gained mutation: You are resistant to hostile enchantments. [potion of beneficial mutation]
  6028 | D:6      | Killed Duvessa
  6031 | D:6      | Killed Dowan
  6043 | D:6      | Paralysed by Grinder for 7 turns
  6052 | D:6      | Killed Grinder
  6052 | D:6      | Reached skill level 5 in Stealth
  6052 | D:6      | Reached XP level 8. HP: 56/92 MP: 9/9
  6083 | D:6      | Lost mutation: You are occasionally teleported next to monsters. [potion of cure mutation]
  6083 | D:6      | Lost mutation: You are resistant to electric shocks. [potion of cure mutation]
  6083 | D:6      | Lost mutation: You are weak. (Str -2) [potion of cure mutation]
  6083 | D:6      | Lost mutation: You are resistant to hostile enchantments. [potion of cure mutation]
  6432 | D:6      | Found a shattered altar of Ashenzari.
  7390 | D:7      | Reached skill level 5 in Maces & Flails
  7634 | D:7      | Found a snail-covered altar of Cheibriados.
  7640 | D:7      | Found a staircase to the Ecumenical Temple.
  7666 | D:7      | Bought the ring of Agel {AC+1 Str-4 Int+4 SInv Stlth+} for 204 gold pieces
  7810 | D:7      | Slain by an orc warrior

Vault maps used:
D:1:      dpeg_arrival_oval
D:2:      first_bread, xom_teletrap_fun, uniq_robin
D:3:      grunt_temple_overflow_order_and_chaos_1, nicolae_gozag_seed_capital,
          tgw_trog, st_stairs_12, minmay_misc_feat_more_columns,
          grunt_ministairs_13
D:4:      lemuel_doored_altar, minmay_tree_intersection, minmay_mini_ossuary
D:5:      elyvilon_altar_4
D:6:      ashenzari_altar_1, minmay_misc_feat_roman, uniq_duvessa, uniq_grinder
D:7:      lemuel_crystal_altar, nemelex_altar_shiori,
          minmay_temple_entry_statues

Skill      XL: |  1  2  3  4  5  6  7  8 |
---------------+-------------------------+-----
Maces & Flails | 3 5 |  5.8
Fighting       | 5 6 8 9 |  9.2
Stealth        | 2 5 6 |  6.5
Dodging        | 3 |  3.6
Evocations     | |  1.5

Action                   |  1- 3 |  4- 6 |  7- 9 || total
-------------------------+-------+-------+-------++-------
Melee: Mace              |    53 |       |       ||    53
       Short sword       |    53 |   330 |    74 ||   457
       Giant spiked club |       |       |    13 ||    13
 Fire: Hunting sling     |    14 |       |       ||    14
       Arbalest          |       |     1 |    44 ||    45
Throw: Stone             |       |     3 |       ||     3
Invok: Call Merchant     |       |       |     1 ||     1
Evoke: Club              |       |       |     2 ||     2
  Use: Potion            |     3 |     2 |     6 ||    11
       Scroll            |       |     7 |     5 ||    12
 Stab: Sleeping          |       |       |     4 ||     4
  Eat: Chunk             |       |     5 |       ||     5
       Bread ration      |       |     1 |     1 ||     2
       Meat ration       |       |     1 |       ||     1
       Pizza             |       |     1 |       ||     1
       Beef jerky        |       |       |     1 ||     1
Armor: Robe              |    34 |       |       ||    34
       Animal skin       |       |    89 |    17 ||   106
       Skin              |       |       |    17 ||    17
Dodge: Dodged            |    65 |   165 |    53 ||   283
